AoeStats
← ms0268062

Nomad

510315628Analyzed
2v2 RM · 17h ago on Sep 30, 2026· 41m 26s· 4 players
Game mode
Random Map
Map size
176×176
Population
200
Speed
Normal
Resources
Standard
Victory
Conquest
Starting age
Dark Age
Ending age
Imperial Age
RankedLock teamsTeams togetherTeam positionsShared explorationLock speedFull tech treeHidden civsTurbo modeCheats
Victory
Defeat
🇪🇸 Dravidians · Spain
1144
+16
🇹🇼 Malay · Taiwan
1140
+16
🇸🇪 Varangians · Sweden
1167
-17
🇮🇹 Shu · Italy
1115
-15
ms0268062
6:11 Loom
7:28 Loom
12:43 Feudal Age
12:31 Double-Bit Axe
16:01 Gold Mining
19:46 Wheelbarrow
23:07 Castle Age
21:04 Fishing Lines
21:50 Stone Mining
23:06 Medium Warships
24:38 Gillnets
28:19 Thalassocracy
29:11 Bow Saw
34:17 Husbandry
34:31 Forging
34:28 Scale Barding Armor
35:58 Hand Cart
40:27 Imperial Age
39:14 Iron Casting
40:19 Conscription
39:33 Elite Karambit Warrior
39:43 Capped Ram
41:35 Horse Collar
n13s
6:12 Loom
16:00 Feudal Age
16:34 Double-Bit Axe
20:10 Castle Age
18:09 Fletching
18:16 Fishing Lines
19:31 Padded Archer Armor
21:52 Gold Mining
23:55 Bow Saw
23:47 Bodkin Arrow
24:05 Town Watch
24:56 Wheelbarrow
25:23 Ballistics
25:43 Horse Collar
26:35 Hand Cart
28:32 Heavy Plow
29:57 Crossbowman
30:55 Leather Archer Armor
36:20 Imperial Age
35:38 Thumb Ring
36:59 Masonry
38:03 Chemistry
37:06 Bracer
37:37 Ring Archer Armor
36:29 Arbalester
37:39 Conscription
Hawk of Avalon
3:02 Loom
13:09 Feudal Age
14:47 Double-Bit Axe
23:31 Castle Age
21:43 Fletching
21:54 Padded Archer Armor
22:01 Scale Barding Armor
24:34 Medium Warships
32:41 Wheelbarrow
40:41 Fishing Lines
po_v1ft!
2:49 Loom
13:15 Feudal Age
14:00 Double-Bit Axe
18:34 Castle Age
18:35 Forging
19:09 Gold Mining
20:30 Fletching
21:30 Wheelbarrow
23:05 Bodkin Arrow
31:33 Ballistics
31:57 Stone Mining
32:59 Squires
32:45 Gambesons
33:02 Scale Mail Armor
35:34 Bow Saw
36:51 Clinker Construction
40:03 Imperial Age
39:28 Padded Archer Armor
39:19 Elite Skirmisher
41:38 Bracer
41:39 Padded Archer Armor
Connection lost

Rejoining the realm…

Still unreachable

The connection could not be restored.

Session expired

The server has moved on; the page needs a fresh start.